Map: King's Cove LE

Players

Woah - Winner!

  • Race: Terran Terran
  • League: Diamond
  • Spawn Location: 11:00

llllllllllll

  • Race: Terran Terran
  • League: Diamond
  • Spawn Location: 5:00

VOD

Have the link to the VOD?

Description

Time

  • Played on: June 14, 2019, 11:47 p.m.
  • Length: 18:19
Show
View Real Time Build Order
Export as new Build Order

Woah Terran - Winner!

Build Orders:  

Get SALT Encoding   

  12  0:00  SCV  
  13  0:12  SCV  
  14  0:19  Supply Depot  
  14  0:26  SCV  
  15  0:36  Refinery  
  15  0:43  Barracks  
  15  0:46  SCV  
  16  0:54  Refinery  
  16  0:58  SCV  
  17  1:10  SCV  
  18  1:22  SCV  
  19  1:30  Reaper  
  20  1:34  Orbital Command  
  20  1:43  Factory  
  20  1:52  Supply Depot  
  20  2:00  SCV  
  21  2:02  Reaper  
  22  2:13  SCV  
  23  2:29  Command Center  
  23  2:45  Reaper, Hellion  
  25  3:12  Factory Tech Lab  
  25  3:13  SCV  
  25  3:25  SCV  
  27  3:32  Cyclone  
  27  3:33  Starport  
  30  3:36  Engineering Bay  
  30  3:37  SCV  
  31  3:43  Orbital Command  
  30  3:50  SCV  
  31  4:01  Supply Depot, Barracks Reactor  
  31  4:02  SCV  
  32  4:04  Siege Tank  
  32  4:07  Orbital Command  
  35  4:14  SCV  
  36  4:18  Viking  
  38  4:26  SCV  
  39  4:38  SCV  
  39  4:50  SCV  
  39  5:02  SCV  
  39  5:06  Marine x2  
  42  5:11  Barracks  
  42  5:13  SCV, Barracks  
  43  5:15  Starport Reactor  
  43  5:19  SCV  
  44  5:23  Marine  
  44  5:25  SCV  
  44  5:26  Refinery  
  44  5:27  Refinery  
  44  5:28  Marine  
  46  5:33  SCV  
  46  5:34  Terran Infantry Weapons Level 1  
  48  5:36  Siege Tank  
  48  5:38  SCV  
  48  5:41  Marine  
  53  5:45  SCV  
  54  5:50  Supply Depot  
  54  5:51  Supply Depot  
  54  5:59  Supply Depot  
  54  6:00  Barracks Reactor, Barracks Tech Lab  
  54  6:12  Viking, SCV x2, Marine x2  
  60  6:22  Siege Tank  
  60  6:24  Command Center  
  60  6:25  Viking, Marine  
  65  6:31  Supply Depot  
  66  6:36  Stimpack  
  66  6:39  Marine x2  
  68  6:42  Marine  
  69  6:49  Marine x2  
  69  6:53  Supply Depot  
  71  6:57  Marine  
  71  6:58  Viking  
  74  7:01  Medivac  
  74  7:03  SCV  
  74  7:05  SCV  
  78  7:15  Factory  
  78  7:24  Missile Turret  
  78  7:25  Missile Turret  
  80  7:34  SCV  
  80  7:36  Terran Infantry Armor Level 1  
  81  7:38  Orbital Command  
  81  7:40  Siege Tank  
  81  7:42  Marine x5  
  87  7:45  SCV  
  87  7:46  SCV  
  89  8:00  Factory Tech Lab  
  89  8:05  Marine x2  
  89  8:06  Marine x3  
  89  8:07  SCV x2  
  89  8:09  SCV  
  97  8:16  Siege Tank  
  97  8:19  SCV  
  101  8:21  Siege Tank  
  101  8:23  Marine x3  
  107  8:54  Marauder  
  107  8:55  Marine  
  109  8:56  Marine  
  109  8:57  Marine x2  
  98  9:13  Barracks x2, Siege Tank x2, Marine  
  98  9:14  Marine, Barracks  
  98  9:15  Marauder, Marine  
  75  9:45  Siege Tank  
  75  9:46  Siege Tank  
  75  9:48  Marine  
  75  9:49  Marine x4  
  77  9:54  SCV x2  
  77  9:55  SCV  
  77  9:58  Viking x2  
  82  10:06  SCV, Marine x2  
  82  10:07  Barracks Reactor x2, Marine  
  85  10:15  SCV  
  85  10:18  Armory  
  85  10:20  Marine x2  
  88  10:21  Barracks Reactor  
  88  10:22  Engineering Bay  
  88  10:24  Marine x2  
  88  10:25  SCV x2  
  88  10:27  Sensor Tower  
  88  10:28  SCV  
  93  10:37  SCV x2, Siege Tank x2  
  93  10:38  Marine x2  
  93  10:39  Marine  
  93  10:40  SCV  
  93  10:42  Marine  
  106  10:49  SCV x2  
  108  10:55  Refinery  
  108  10:56  Refinery  
  109  11:06  Command Center, Supply Depot  
  109  11:07  Terran Infantry Weapons Level 2, Marine  
  109  11:08  Terran Infantry Armor Level 2  
  109  11:27  SCV, Medivac x2, Siege Tank  
  109  11:32  Supply Depot x2  
  117  11:34  Supply Depot  
  117  11:43  Starport  
  117  11:44  Barracks x2  
  117  11:45  Supply Depot  
  117  11:53  SCV x2, Siege Tank  
  122  11:59  Siege Tank  
  125  12:12  Marine  
  125  12:13  Marine x10  
  136  12:23  Starport Tech Lab  
  136  12:26  Siege Tank  
  136  12:28  Fusion Core  
  139  12:30  Marine x5  
  139  12:32  Marine  
  139  12:33  Marine x5  
  139  12:35  SCV  
  151  12:48  Marine x2  
  127  13:04  Terran Vehicle Weapons Level 1  
  109  13:32  Marine x8  
  109  13:33  Marine  
  98  13:38  Marine x2  
  100  13:41  Siege Tank x2  
  100  13:43  Viking x2, Battlecruiser  
  100  13:46  Planetary Fortress  
  116  13:49  Marine x2  
  116  13:50  Marine x4  
  116  13:55  Marine x3  
  124  13:56  Marine x2  
  124  13:58  Sensor Tower  
  124  14:00  Refinery  
  124  14:02  Refinery  
  127  14:07  Marine x3  
  127  14:08  Marine x3  
  133  14:13  Medivac  
  133  14:14  Medivac  
  137  14:21  Terran Infantry Armor Level 3, Terran Infantry Weapons Level 3  
  137  14:35  Marine  
  137  14:36  Marine x8  
  142  14:43  Marine x2  
  141  14:53  Marine  
  141  14:54  Marine  
  121  15:22  Marine  
  121  15:23  Marine x10  
  121  15:24  Siege Tank  
  121  15:25  Siege Tank  
  136  15:40  Marine x5  
  136  15:41  Marine x6  
  145  15:58  Marine x2  
  145  15:59  Marine x3  
  145  16:00  Marine x5  
  155  16:04  Marine  
  156  16:16  Marine x2  
  156  16:17  Marine x5  
  156  16:18  Marine  
  164  16:29  Marine  
  164  16:32  Marine  
  164  16:34  Command Center  
  164  16:35  Marine x2  
  164  16:55  Siege Tank  
  164  17:01  Marine  
  164  17:03  Siege Tank  
  156  17:19  Marine x4  
  156  17:20  Marine x5  
  147  17:38  Marine x3  
  147  17:39  Widow Mine  
  147  17:40  Marine  
  141  17:45  Siege Tank  
  144  17:54  Marine x3  
  144  17:55  Marine x2  
Show
View Real Time Build Order
Export as new Build Order

llllllllllll Terran 

Build Orders: 1/1/1, Liberator Opening 

Get SALT Encoding   

  12  0:01  SCV  
  13  0:13  SCV  
  14  0:18  Supply Depot  
  14  0:26  SCV  
  15  0:30  Refinery  
  15  0:39  SCV  
  16  0:46  Barracks  
  16  0:56  Refinery  
  16  0:57  SCV  
  17  1:09  SCV  
  18  1:21  SCV  
  19  1:33  Factory  
  19  1:36  Reaper  
  20  1:41  Orbital Command  
  20  1:47  Supply Depot  
  20  2:07  SCV  
  21  2:08  Reaper  
  22  2:18  Hellion  
  22  2:22  Starport  
  24  2:25  SCV  
  25  2:44  Liberator  
  25  2:51  Factory Tech Lab  
  28  3:10  Command Center  
  27  3:28  Cyclone  
  27  3:34  SCV  
  31  3:55  Starport Tech Lab  
  31  4:06  Supply Depot  
  31  4:21  SCV  
  32  4:27  Orbital Command  
  32  4:29  Supply Depot  
  32  4:31  Raven  
  34  4:37  SCV  
  35  4:39  Barracks Reactor  
  35  4:44  Barracks x2  
  35  4:45  Barracks  
  35  4:50  SCV  
  36  4:58  SCV  
  34  5:00  Siege Tank  
  34  5:03  SCV  
  38  5:10  SCV  
  39  5:15  SCV  
  40  5:22  SCV  
  41  5:34  Barracks Tech Lab x2, Refinery  
  41  5:35  Barracks Reactor  
  41  5:46  SCV x2, Refinery  
  43  5:55  Stimpack  
  43  6:06  Marine  
  43  6:07  Marine  
  45  6:13  SCV x2  
  45  6:17  Raven  
  49  6:20  Marine x4  
  49  6:24  Marine, Supply Depot x2  
  49  6:25  Marine  
  55  6:28  Engineering Bay  
  55  6:31  SCV x2  
  57  6:33  Engineering Bay  
  57  6:38  Marine x4  
  61  6:42  Marine  
  61  6:45  SCV, Siege Tank, Marine  
  67  6:51  Supply Depot  
  67  6:55  Marine, Supply Depot  
  67  6:56  Terran Infantry Weapons Level 1, Marine x3  
  67  7:00  Terran Infantry Armor Level 1, Marine  
  72  7:02  Combat Shield  
  72  7:03  Marine  
  73  7:13  Marine x2  
  73  7:14  Marauder, Marine  
  73  7:15  Starport Reactor  
  78  7:16  SCV x2  
  78  7:18  Marine  
  78  7:20  Marine  
  82  7:31  Marine x2  
  82  7:32  Marauder  
  82  7:35  Marine  
  82  7:36  Marine  
  88  7:38  Marine  
  89  7:48  Siege Tank  
  89  7:49  Marine x2  
  94  8:05  Supply Depot x2  
  94  8:08  Supply Depot  
  94  8:26  SCV, Siege Tank, Marine x6  
  72  8:27  SCV, Medivac x2  
  102  8:30  Supply Depot  
  102  8:31  Supply Depot  
  109  8:39  SCV x2  
  110  8:44  Marine x6  
  107  9:18  Marine x6  
  110  9:35  Marine  
  78  9:57  Marine x3  
  78  9:58  Marine x3  
  84  10:02  Medivac x2  
  88  10:14  Siege Tank  
  88  10:15  Marine x5  
  88  10:16  Armory, Barracks x2, Marine  
  97  10:33  Supply Depot, Marine x2  
  97  10:34  SCV x2, Supply Depot  
  101  10:36  Command Center  
  101  10:46  SCV x2  
  103  10:52  Marine x5  
  103  10:53  Marine  
  109  10:57  Siege Tank  
  109  10:58  SCV  
  109  10:59  Medivac x2  
  117  11:07  Terran Infantry Weapons Level 2, Terran Infantry Armor Level 2  
  117  11:09  Barracks Reactor x2  
  117  11:18  Marine x6  
  119  11:25  Starport  
  123  11:26  Starport, Supply Depot  
  123  11:47  SCV x2  
  123  11:51  Planetary Fortress  
  125  11:55  Refinery  
  125  11:57  Refinery  
  125  11:59  SCV x2  
  127  12:02  Viking x2  
  127  12:04  Raven  
  127  12:06  Starport Reactor  
  133  12:11  SCV  
  133  12:13  Siege Tank  
  137  12:27  Factory  
  137  12:34  Viking x2  
  141  12:38  SCV  
  141  12:39  SCV x2  
  141  12:42  Terran Vehicle And Ship Armor Level 1  
  143  12:47  Viking  
  143  12:51  SCV  
  88  13:34  Marine x3  
  88  13:35  Marine x7  
  88  13:40  Medivac x2  
  102  13:46  Factory Tech Lab  
  102  13:52  Marine x4  
  102  13:53  Supply Depot, Marine x5  
  102  13:54  Supply Depot, Marine  
  112  14:03  Supply Depot  
  112  14:05  Supply Depot  
  112  14:06  Supply Depot  
  112  14:10  Marine x6  
  112  14:11  Missile Turret, Marine x4  
  112  14:12  Terran Infantry Armor Level 3, Terran Infantry Weapons Level 3  
  122  14:28  Marine x6  
  122  14:29  Marine x4  
  132  14:32  Siege Tank, Barracks  
  126  14:45  Marine  
  126  14:46  Marine x4  
  122  15:19  Viking x2  
  122  15:20  Viking x2  
  124  15:33  SCV x2  
  124  15:34  Siege Tank  
  116  16:35  Marine x3  
  116  16:36  Marine x5  
  124  17:04  Marine x2  
Tags
 
Matchup
TvT
Race
Terran
Replay Pack
r1
Spawn Locations
Cross Positions
Add a new tag
Caveats
  • Supply blocks, unpowered buildings, or Contaminate may cause inaccurate times.
  • Supply counts are checked every 10 seconds.